 Dungeon Crawl Stone Soup version 0.30-a0-377-g5cb311bc9f (webtiles) character file.

Game seed: 3497927748655534388

324 Chaicat the Ducker (level 6, 0/53 HPs)
             Began as a Gnoll Monk on Nov 28, 2022.
             Slain by Grinder (6 damage)
             ... while paralysed by Grinder
             ... in a sewer.
             The game lasted 00:07:35 (3721 turns).

Chaicat the Ducker (Gnoll Monk)                     Turns: 3721, Time: 00:07:36

Health: 0/53       AC:  3    Str: 10      XL:     6   Next: 48%
Magic:  9/9        EV:  2    Int: 15      God:
Gold:   110        SH:  0    Dex: 11 (15) Spells: 9/9 levels left

rFire   + . .      SeeInvis .    a - +0 spear
rCold   . . .      Faith    .    (no shield)
rNeg    . . .      Spirit   .    b - +1 robe
rPois   .          Reflect  .    r - +0 hat
rElec   .          Harm     .    (no cloak)
rCorr   .          Rampage  .    (no gloves)
Will    .....                    (no boots)
Stlth   +.........               (no amulet)
HPRegen 0.28/turn                d - ring "Yfoet" {rF+ Str-2 Int+6 Slay+2}
MPRegen 0.11/turn                (no ring)

@: confused, paralysed, ambrosia-drunk
A: fangs 1, strong nose, distributed training
a: no special abilities


You were in a sewer.
You visited 1 branch of the dungeon, and saw 4 of its levels.
You also visited: Sewer.

You collected 110 gold pieces.

Inventory:

Hand Weapons
 a - a +0 spear (weapon)
 l - a +0 war axe
Armour
 b - a +1 robe (worn)
 k - a +0 ring mail
 m - a +0 chain mail
 r - a +0 hat (worn)
Jewellery
 d - the ring "Yfoet" (left hand) {rF+ Str-2 Int+6 Slay+2}
   (You found it on level 2 of the Dungeon)

   [ring of intelligence]

   Str:       It affects your strength (-2).
   Int:       It affects your intelligence (+6).
   Slay:      It affects your accuracy & damage with ranged weapons and melee
   (+2).
   rF:        It protects you from fire.
 f - an amulet of faith
Wands
 h - a wand of paralysis (10)
 i - a wand of flame (2)
Scrolls
 e - 3 scrolls of enchant armour
 q - a scroll of teleportation
Potions
 g - a potion of flight {unknown}
 j - 2 potions of mutation {unknown}
 n - a potion of berserk rage {unknown}
 o - a potion of cancellation {unknown}
 p - a potion of haste {unknown}
 s - 2 potions of invisibility {unknown}


   Skills:
 + Level 6.8 Fighting
 + Level 2.0 Short Blades
 + Level 2.0 Long Blades
 + Level 2.0 Axes
 + Level 2.0 Maces & Flails
 + Level 6.8 Polearms
 + Level 2.0 Staves
 + Level 2.0 Ranged Weapons
 + Level 2.0 Throwing
 + Level 2.0 Armour
 + Level 6.8 Dodging
 + Level 4.6 Stealth
 + Level 2.0 Shields
 + Level 2.0 Unarmed Combat
 + Level 2.0 Spellcasting
 + Level 1.6 Conjurations
 + Level 1.6 Hexes
 + Level 1.6 Summonings
 + Level 1.6 Necromancy
 + Level 1.6 Translocations
 + Level 1.6 Transmutations
 + Level 1.6 Fire Magic
 + Level 1.6 Ice Magic
 + Level 1.6 Air Magic
 + Level 1.6 Earth Magic
 + Level 1.6 Poison Magic
 + Level 2.2 Invocations
 + Level 2.0 Evocations


You had 9 spell levels left.
You didn't know any spells.
Your spell library contained the following spells:

 Spells                   Type           Power      Damage    Failure   Level
 Cigotuvi's Dreadful Rot  Necr/Pois/Air  12%        N/A       17%         2
 Poisonous Vapours        Pois/Air       12%        N/A       17%         2
 Ignite Poison            Fire/Tmut/Pois 6%         N/A       34%         3
 Mephitic Cloud           Conj/Pois/Air  6%         N/A       34%         3
 Sticky Flame             Conj/Fire      6%         2d3       75%         4
 Summon Ice Beast         Ice/Summ       6%         N/A       75%         4
 Summon Mana Viper        Hex/Summ       6%         N/A       97%         5
 Monstrous Menagerie      Summ           3%         N/A       100%        7
 Ignition                 Fire           3%         3d4       100%        8


Dungeon Overview and Level Annotations

Branches:
Dungeon (4/15)              Sewer (1/1)
 Temple: D:4-7

Altars:

Shops:
D:3 (

Annotations:
Sewer Grinder


Innate Abilities, Weirdness & Mutations

You have very sharp teeth.
Your uncanny sense of smell can sniff out nearby items.
Your experience applies equally to all skills.


Message History

You kill the shadow imp!
You barely miss the kobold. You bite the kobold.
You kill the kobold!
You barely miss the giant cockroach.
The giant cockroach completely misses you.
You barely miss the giant cockroach. Your bite misses the giant cockroach.
The giant cockroach bites you but does no damage.
You puncture the giant cockroach!
You kill the giant cockroach!
You hit Grinder.
Grinder is lightly wounded.
You hit Grinder.
Grinder is lightly wounded.
You closely miss Grinder. Your bite misses Grinder.
Grinder is lightly wounded.
Grinder hits you.
* * * LOW HITPOINT WARNING * * *
You hit Grinder. You bite Grinder, but do no damage.
Grinder is moderately wounded.
Grinder gestures at you. You resist with significant effort.
You closely miss Grinder.
Grinder is moderately wounded.
Grinder hits you.
* * * LOW HITPOINT WARNING * * *
You writhe in agony.
* * * LOW HITPOINT WARNING * * *
You are confused.
You feel invigorated.
Grinder says, "You look like you could use a good racking."
Grinder gestures at you.
You suddenly lose the ability to move!
A quasit comes into view.
Grinder gestures at you. Pain shoots through your body!
* * * LOW HITPOINT WARNING * * *
Grinder hits you.
* * * LOW HITPOINT WARNING * * *
You writhe in agony.
You die...

∆∆∆ #≈~.~≈~≈≈≈ ≈≈≈≈≈≈
#≈.~.~~≈~≈ ≈~≈≈~≈
##~################
#≈~.'.~≈≈≈≈≈≈≈≈≈≈≈≈
#≈~.#.~≈≈≈≈≈≈≈≈≈≈≈≈
#≈≈.#.≈≈≈≈≈≈≈≈≈≈≈≈≈
#≈..#.≈≈≈≈≈≈≈≈≈≈≈≈≈
#≈..#..~~~≈≈≈≈≈≈≈≈≈ .
#≈@.#...~≈≈≈≈≈~≈≈≈~ .§.
##5####.#≈###≈≈#~##
.....#K55#≈≈............
._.§.'.5.~≈≈≈..)).......
B....#...#≈≈............
.§..###.####.###≈##≈##≈#
..5. #≈~.#...~≈≈≈≈~≈≈≈~≈


''' #≈~.#..~≈≈≈≈≈≈≈≈≈≈≈ .. #≈~.#.≈~≈≈≈≈≈≈≈≈≈≈≈ You could see Grinder, a quasit
(wandering), 3 ufetubi and a kobold.

Vanquished Creatures
  A quasit (Sewer)
  Natasha (thrice) (D:2)
  6 adders
  A river rat (D:4)
  2 shadow imps (Sewer)
  An ufetubus (Sewer)
  4 worms
  4 dart slugs
  6 bats
  8 endoplasms
  4 giant cockroaches
  11 goblins
  8 hobgoblins
  5 jackals
  17 kobolds
  6 quokkas
  6 ball pythons
  3 frilled lizards
  25 rats
121 creatures vanquished.

Vanquished Creatures (others)
  An adder zombie (Sewer)
  A giant cockroach zombie (Sewer)
  4 kobold zombies (Sewer)
6 creatures vanquished.

Grand Total: 127 creatures vanquished

Notes
Turn   | Place    | Note
-------+----------+-------------------------------------------
     0 | D:1      | Chaicat the Gnoll Monk began the quest for the Orb.
     0 | D:1      | Reached XP level 1. HP: 23/23 MP: 1/1
   315 | D:1      | Reached XP level 2. HP: 29/29 MP: 2/2
   842 | D:1      | Reached XP level 3. HP: 32/35 MP: 3/3
  1144 | D:2      | Reached skill level 1 in Invocations
  1210 | D:2      | Identified the ring "Yfoet" {rF+ Str-2 Int+6 Slay+2}
  1260 | D:2      | Reached skill level 1 in Short Blades
  1260 | D:2      | Reached skill level 1 in Long Blades
  1260 | D:2      | Reached skill level 1 in Axes
  1260 | D:2      | Reached skill level 1 in Maces & Flails
  1260 | D:2      | Reached skill level 1 in Staves
  1260 | D:2      | Reached skill level 1 in Ranged Weapons
  1260 | D:2      | Reached skill level 1 in Throwing
  1260 | D:2      | Reached skill level 1 in Armour
  1260 | D:2      | Reached skill level 1 in Shields
  1260 | D:2      | Reached skill level 1 in Unarmed Combat
  1260 | D:2      | Reached skill level 1 in Spellcasting
  1260 | D:2      | Reached skill level 1 in Evocations
  1550 | D:2      | Reached XP level 4. HP: 39/41 MP: 5/5
  1641 | D:2      | Noticed Natasha
  1835 | D:2      | Killed Natasha
  1836 | D:2      | Reached skill level 1 in Conjurations
  1836 | D:2      | Reached skill level 1 in Hexes
  1836 | D:2      | Reached skill level 1 in Summonings
  1836 | D:2      | Reached skill level 1 in Necromancy
  1836 | D:2      | Reached skill level 1 in Translocations
  1836 | D:2      | Reached skill level 1 in Transmutations
  1836 | D:2      | Reached skill level 1 in Fire Magic
  1836 | D:2      | Reached skill level 1 in Ice Magic
  1836 | D:2      | Reached skill level 1 in Air Magic
  1836 | D:2      | Reached skill level 1 in Earth Magic
  1836 | D:2      | Reached skill level 1 in Poison Magic
  1885 | D:2      | Noticed Natasha
  1893 | D:2      | Killed Natasha
  1894 | D:2      | Reached XP level 5. HP: 38/47 MP: 5/7
  2095 | D:2      | Noticed Natasha
  2105 | D:2      | Killed Natasha
  2740 | D:3      | Found Vierch's Antique Weapon Shop.
  2770 | D:3      | Reached XP level 6. HP: 53/53 MP: 8/8
  3374 | D:4      | Found a glowing drain.
  3450 | Sewer    | Entered a sewer
  3652 | Sewer    | Found a burning altar of Makhleb.
  3688 | Sewer    | Noticed Grinder
  3719 | Sewer    | Paralysed by Grinder for 5 turns
  3720 | Sewer    | HP: 2/53 [Grinder/nerve-wracking pain (11)]
  3721 | Sewer    | Slain by Grinder

Illustrated notes

Levels and vault maps discovered:
D:1:      heliophobic_arrival_battle_scene, layout_loops_corners
D:2:      layout_basic, roderic_roman_lattice, minmay_rat_hole, uniq_natasha
D:3:      layout_loops_corners, serial_shops, nicolae_shop_window_shopping,
          minmay_fractal_squares_5
D:4:      minmay_inner_zag, layout_cave_pools, nzn_wu_jian_contemplation,
          lemuel_round_altar, gup_sewer_entry_bubbles, nrook_loot_triangle
Sewer:    kennysheep_sewer_church

Skill      XL: |  1  2  3  4  5  6 |
---------------+-------------------+-----
Invocations    | 1 2 |  2.2
Short Blades   | 1 2 |  2.0
Long Blades    | 1 2 |  2.0
Axes           | 1 2 |  2.0
Maces & Flails | 1 2 |  2.0
Staves         | 1 2 |  2.0
Ranged Weapons | 1 2 |  2.0
Throwing       | 1 2 |  2.0
Armour         | 1 2 |  2.0
Shields        | 1 2 |  2.0
Unarmed Combat | 1 2 |  2.0
Spellcasting   | 1 2 |  2.0
Evocations     | 1 2 |  2.0
Conjurations   | 1 |  1.6
Hexes          | 1 |  1.6
Summonings     | 1 |  1.6
Necromancy     | 1 |  1.6
Translocations | 1 |  1.6
Transmutations | 1 |  1.6
Fire Magic     | 1 |  1.6
Ice Magic      | 1 |  1.6
Air Magic      | 1 |  1.6
Earth Magic    | 1 |  1.6
Poison Magic   | 1 |  1.6
Fighting       | |  6.8
Polearms       | |  6.8
Dodging        | |  6.8
Stealth        | |  4.6

Action                   |  1- 3 |  4- 6 || total
-------------------------+-------+-------++-------
Melee: Spear             |   133 |   293 ||   426
       Bite              |    10 |    25 ||    35
       Punch             |     3 |     4 ||     7
  Use: Scroll            |     3 |     3 ||     6
       Potion            |       |     1 ||     1
 Stab: Sleeping          |     9 |     9 ||    18
       Distracted        |       |     3 ||     3
Armor: Robe              |    15 |    53 ||    68
Dodge: Dodged            |    53 |   170 ||   223

Table legend: (Time is in decaauts)
 A = Elapsed time spent in this place.
 B = Non-inter-level travel time spent in this place.
 C = Inter-level travel time spent in this place.
 D = Time resting spent in this place.
 E = Time spent auto-exploring this place.
 F = Levels seen in this place.
 G = Mean time per level.
                   A        B        C        D        E       F      G
               +--------+--------+--------+--------+--------+-----+--------+
         Total |   3642 |   3562 |     80 |    437 |   2322 |   5 |  728.4 |
       Dungeon |   3388 |   3308 |     80 |    435 |   2172 |   4 |  847.0 |
         Sewer |    253 |    253 |      0 |      2 |    150 |   1 |  253.0 |
               +--------+--------+--------+--------+--------+-----+--------+

Top non-repeatable levels by time:
     D:3: 1203 daAuts
     D:1: 1107 daAuts
     D:2: 896 daAuts
   Sewer: 253 daAuts
     D:4: 180 daAuts
